 Dungeon Crawl Stone Soup version bcrawl-1.19.1 (webtiles) character file.

Game seed: 4966565077824303214

938 mahrnol the Summoner (level 8, -3/41 HPs)
             Began as an Avariel Summoner on Dec 7, 2019.
             Was a Believer of Sif Muna.
             Killed by divine providence
             ... invoked by an orc priest
              (11 damage)
             ... on level 5 of the Dungeon.
             The game lasted 00:39:47 (5493 turns).

mahrnol the Summoner (Avariel Summoner)             Turns: 5493, Time: 00:39:48

Health: -3/41      AC:  2    Str:  6    XL:     8   Next: 12%
Magic:  4/21       EV: 13    Int: 24    God:    Sif Muna [**....]
Gold:   392        SH:  0    Dex: 13    Spells: 9/22 levels left

rFire    x . .     SeeInvis .   t - +0 dagger (venom)
rCold    + . .     Gourm    .   (no shield)
rNeg     . . .     Faith    .   a - +0 robe
rPois    .         Spirit   .   (no helmet)
rElec    .         Reflect  .   (no cloak)
rCorr    .         Harm     .   (no gloves)
MR       .....                  (no boots)
Stlth    ++........             (no amulet)
HPRegen  0.13/turn              s - ring of ice
MPRegen  0.17/turn              (no ring)

@: no status effects
A: no striking features
a: Divine Energy, Renounce Religion


You were on level 5 of the Dungeon.
You worshipped Sif Muna.
Sif Muna was pleased with you.
You were not hungry.

You visited 1 branch of the dungeon, and saw 5 of its levels.

You collected 392 gold pieces.

Inventory:

Hand Weapons
 q - a +2 hand axe of electrocution
 t - a +0 dagger of venom (weapon)
 u - a +0 hunting sling
 D - a +0 hand crossbow
 E - a +0 antimagic whip
Missiles
 h - 90 poisoned needles
 v - 605 sling bullets
 y - 160 tomahawks (quivered)
 G - 110 bolts
Armour
 a - a +0 robe (worn)
 p - a +0 scale mail
Jewellery
 s - a ring of ice (left hand)
Wands
 w - a wand of polymorph (8)
Scrolls
 c - a scroll of summoning
 f - 2 scrolls of teleportation
 i - a scroll of identify
 k - a scroll of fear {unknown}
 m - 2 scrolls of amnesia
 x - a scroll of blinking {unknown}
 B - 2 scrolls of enchant weapon
 C - a scroll of immolation {unknown}
 F - a scroll of torment {unknown}
Potions
 e - 2 potions of might {unknown}
 g - 5 potions of curing {unknown}
 j - 3 potions of cancellation {unknown}
 l - a potion of lignification {unknown}
 n - a potion of berserk rage {unknown}
 o - a potion of resistance {unknown}
 r - a potion of magic {unknown}
 z - 2 potions of heal wounds {unknown}
 A - 2 potions of agility {unknown}
Comestibles
 b - 2 chunks of flesh
 d - 12 rations {!d}


   Skills:
 + Level 0.5 Short Blades
 + Level 2.6 Dodging
 + Level 3.0 Stealth
 + Level 7.7 Spellcasting
 * Level 2.0 Hexes
 + Level 8.0 Summonings
 - Level 2.1 Ice Magic


You had 9 spell levels left.
You knew the following spells:

 Your Spells              Type           Power        Failure   Level  Hunger
a - Summon Small Mammal   Summ           ####         1%          1    None
b - Call Imp              Summ           #####.       1%          2    None
c - Call Canine Familiar  Summ           #####...     1%          3    None
d - Summon Ice Beast      Ice/Summ       ######..     9%          4    ###....
e - Tukima's Dance        Hex            ###.....     9%          3    None

Your spell library contained the following spells:

 Spells                   Type           Power        Failure   Level  Hunger
 Summon Butterflies       Summ           #####...     1%          1    None
 Apportation              Tloc           #.....       7%          1    None
 Beckoning                Tloc           #.........   21%         3    None
 Summon Lightning Spire   Summ/Air       ####....     34%         5    #####..
 Invisibility             Hex            ###.....     99%         6    ######.


Dungeon Overview and Level Annotations

Branches:
Dungeon (5/12)             Temple (0/1) D:4

Altars:
Cheibriados
Dithmenos
Hepliaklqana
Ru
Sif Muna
Trog
Xom
Yredelemnul
The Shining One

Shops:
D:4 =


Message History

A beastly little devil appears in a puff of frigid air.
Your white imp says, "I'm here!"
The orc warrior closely misses your white imp.
Your white imp barely misses the orc warrior.
Your white imp gestures at the orc warrior.
The puff of frost hits the orc warrior.
Casting: Call Imp (safe; 1% risk of failure)
Confirm with . or Enter, or press ? or * to list all spells.
You feel a surge of power! A chill wind blows around you.
Your white imp gestures at the orc warrior.
The puff of frost hits the orc warrior.
The orc warrior dies!
Sif Muna accepts your kill.
Your Hexes skill increases to level 2!
Your Summonings skill increases to level 8!
You swap places.
You swap places.
The orc priest mumbles some strange prayers to Beogh against you.
Beogh smites you!
You die...

o. #.########
#.†.oooh.####
#############5.oo#
..>.........#.##5#
.##########.####.####
..............##....#
..######....#.#####.##
..##.# #.####..Y@5o..#
.....###.#.....#######
......##.#.###.#
......#..#.#h..#
......#..5.#.###
......#5.....#
......#.######
......#.# ....55#.#


You could see an orc priest, a friendly ice beast and a friendly white imp.

Vanquished Creatures
  A leopard gecko (D:3)
  A frilled lizard (D:2)
  A kobold (D:2)
  A quokka zombie (D:5)
4 creatures vanquished.

Vanquished Creatures (collateral kills)
  Grinder (D:3)
  A hippogriff (D:3)
  Sigmund (D:3)
  An ice beast (D:5)
  An orc warrior (D:5)
  2 ogres
  3 eyes of draining (D:4)
  A bullfrog (D:5)
  4 crimson imps
  3 orc wizards
  An orc priest (D:3)
  Ijyb (D:3)
  Natasha (twice) (D:3)
  2 iguanas (D:5)
  2 worker ants (D:5)
  Robin (D:4)
  3 adders
  3 oozes
  An adder skeleton (D:4)
  7 worms
  2 dart slugs (D:2)
  3 leopard geckos
  11 orcs
  2 ball pythons
  5 giant cockroaches
  15 hobgoblins
  15 jackals
  3 quokkas
  4 bats
  5 frilled lizards
  14 goblins
  9 kobolds
  7 rats
136 creatures vanquished.

Grand Total: 140 creatures vanquished

Notes
Turn   | Place    | Note
-------+----------+-------------------------------------------
     0 | D:1      | mahrnol the Avariel Summoner began the quest for the Orb.
     0 | D:1      | Reached XP level 1. HP: 10/10 MP: 6/6
    89 | D:1      | Reached skill level 5 in Summonings
   429 | D:1      | Reached XP level 2. HP: 15/15 MP: 4/8
   433 | D:1      | Learned a level 2 spell: Call Imp
   964 | D:2      | Found a shadowy altar of Dithmenos.
  1142 | D:2      | Reached XP level 3. HP: 19/19 MP: 5/10
  1157 | D:2      | Learned a level 3 spell: Call Canine Familiar
  1383 | D:2      | Found a snail-covered altar of Cheibriados.
  1735 | D:2      | Reached XP level 4. HP: 24/24 MP: 8/12
  1741 | D:2      | Learned a level 4 spell: Summon Ice Beast
  1952 | D:3      | Noticed a hippogriff
  2089 | D:3      | Found a shimmering blue altar of Sif Muna.
  2092 | D:3      | Became a worshipper of Sif Muna the Loreminder
  2554 | D:3      | Found a sacrificial altar of Ru.
  2554 | D:3      | Noticed Sigmund
  2575 | D:3      | Killed Sigmund
  2575 | D:3      | Reached skill level 5 in Spellcasting
  2575 | D:3      | Reached skill level 6 in Summonings
  2575 | D:3      | Reached skill level 1 in Ice Magic
  2575 | D:3      | Reached XP level 5. HP: 27/28 MP: 5/14
  2599 | D:3      | Killed a hippogriff
  2599 | D:3      | Reached * piety under Sif Muna
  2599 | D:3      | Reached XP level 6. HP: 27/32 MP: 3/16
  2601 | D:3      | Noticed Ijyb
  2609 | D:3      | Killed Ijyb
  3170 | D:3      | Noticed Natasha
  3179 | D:3      | Killed Natasha
  3284 | D:3      | Found a basalt altar of Yredelemnul.
  3366 | D:3      | Noticed Natasha
  3372 | D:3      | Killed Natasha
  3453 | D:3      | Noticed Grinder
  3473 | D:3      | Killed Grinder
  3473 | D:3      | Reached skill level 7 in Summonings
  3473 | D:3      | Reached XP level 7. HP: 36/36 MP: 8/18
  3508 | D:3      | Found a hazy altar of Hepliaklqana.
  3663 | D:3      | Found a glowing golden altar of the Shining One.
  3925 | D:4      | Found a staircase to the Ecumenical Temple.
  3928 | D:4      | Reached ** piety under Sif Muna
  3959 | D:4      | Found Nas Guu's Jewellery Shoppe.
  3967 | D:4      | Noticed Robin
  3984 | D:4      | Killed Robin
  4298 | D:4      | Found a bloodstained altar of Trog.
  4579 | D:4      | Learned a level 4 spell: Summon Ice Beast
  4672 | D:4      | Found a shimmering altar of Xom.
  5056 | D:5      | Entered Level 5 of the Dungeon
  5058 | D:5      | Received a gift from Sif Muna
  5064 | D:5      | Learned a level 3 spell: Tukima's Dance
  5224 | D:5      | Reached skill level 1 in Hexes
  5312 | D:5      | Reached XP level 8. HP: 41/41 MP: 19/21
  5476 | D:5      | Reached skill level 8 in Summonings
  5493 | D:5      | Killed from afar by an orc priest

Skill      XL: |  1  2  3  4  5  6  7  8 |
---------------+-------------------------+-----
Summonings     | 5 6 7 8 |  8.0
Spellcasting   | 3 4 5 6 7 |  7.7
Ice Magic      | 1 2 |  2.1
Hexes          | 1 2 |  2.0
Stealth        | 3 |  3.0
Short Blades   | |  0.5
Dodging        | |  2.6

Action                   |  1- 3 |  4- 6 |  7- 9 || total
-------------------------+-------+-------+-------++-------
Melee: Dagger            |    22 |    23 |    11 ||    56
 Cast: Summon Small Mamm |    93 |    27 |     1 ||   121
       Call Imp          |     3 |    22 |    28 ||    53
       Call Canine Famil |       |     7 |     8 ||    15
       Summon Ice Beast  |       |     1 |     3 ||     4
  Use: Scroll            |       |       |     5 ||     5
 Stab: Sleeping          |     1 |       |     1 ||     2
  Eat: Chunk             |     2 |     6 |     6 ||    14
Armor: Robe              |     9 |    13 |     2 ||    24
Dodge: Dodged            |    37 |    29 |    14 ||    80
